 Dungeon Crawl Stone Soup version 0.25.1-2-g60ff931df9 (webtiles) character file.

Game seed: 3840955289729614907

86 Almogavar the Shooter (level 4, 0/37 HPs)
             Began as a Centaur Hunter on Sept 6, 2020.
             Slain by an orc
             ... wielding a +2 hand axe of flaming
              (1 damage)
             ... on level 2 of the Dungeon.
             The game lasted 00:05:06 (1800 turns).

Almogavar the Shooter (Centaur Hunter)              Turns: 1800, Time: 00:05:07

Health: 0/37       AC:  4    Str: 15    XL:     4   Next: 27%
Magic:  4/4        EV:  9    Int: 10    God:
Gold:   26         SH:  0    Dex: 10    Spells: 3/3 levels left

rFire    . . .     SeeInvis .   b - +0 short sword
rCold    . . .     Gourm    .   (no shield)
rNeg     . . .     Faith    .   c - +0 leather armour
rPois    .         Spirit   .   (no helmet)
rElec    .         Reflect  .   (no cloak)
rCorr    .         Harm     .   (no gloves)
MR       .....                  (no barding)
Stlth    +.........             (no amulet)
HPRegen  0.12/turn              (no ring)
MPRegen  0.09/turn              (no ring)

@: very quick
A: large, hooves 3, deformed body, speed 2, tough skin 3
a: no special abilities


You were on level 2 of the Dungeon.
You were not hungry.

You visited 1 branch of the dungeon, and saw 3 of its levels.

You collected 26 gold pieces.

Inventory:

Hand Weapons
 a - a +1 shortbow
 b - a +0 short sword (weapon)
Missiles
 d - 9 arrows
Armour
 c - a +0 leather armour (worn)
 i - a +0 ring mail
Wands
 k - a wand of iceblast (9)
Potions
 e - a potion of mutation
 h - a potion of berserk rage
 j - a potion of heal wounds {unknown}
 l - a potion of cancellation {unknown}
 m - a potion of degeneration {unknown}
Comestibles
 f - 3 rations
 g - 2 chunks of flesh


   Skills:
 + Level 2.3 Fighting
 + Level 0.7 Short Blades
 + Level 6.8 Bows
 + Level 0.6 Armour
 + Level 1.5 Dodging
 + Level 0.6 Stealth


You had 3 spell levels left.
You didn't know any spells.
Your spell library was empty.

Dungeon Overview and Level Annotations

Branches:
Dungeon (3/15)

Altars:
Xom


Innate Abilities, Weirdness & Mutations

You have hooves in place of feet.
Armour fits poorly on your strangely shaped body.
You cover ground very quickly.
You have extremely tough skin. (AC +3)


Message History

The orc hits you with a +2 hand axe of flaming.
The orc burns you.
You hit the orc.
The orc is almost dead.
The orc hits you with a +2 hand axe of flaming.
The orc burns you.
The orc hits you from afar with a +0 trident.
* * * LOW HITPOINT WARNING * * *
The orc hits you with a +2 hand axe of flaming.
* * * LOW HITPOINT WARNING * * *
The orc burns you.
* * * LOW HITPOINT WARNING * * *
You climb upwards.
There is a stone staircase leading down here.
You barely miss the orc. Your kick misses the orc.
The orc is almost dead.
The orc hits you with a +2 hand axe of flaming.
* * * LOW HITPOINT WARNING * * *
The orc burns you.
You die...

###########..##.############.###
##........)...#.............#.#..
............................#.#.#
............................#....
...###########..............###.#
...# #######..############ #.#
...# #........########## #.. ...#
#.......o[........# ### ...#
#......[@########.# <..#
#......#.# #...# ...# #......#.#
#.### ##### #### #........# #.#
#<... #......### #.# #####
######## ### #.# #.# #.# #.# #.#
#.###.#


You could see an orc.

Vanquished Creatures
  An orc wizard (D:2)
  2 adders (D:2)
  An ooze (D:1)
  A worm (D:2)
  A dart slug (D:1)
  A leopard gecko (D:1)
  2 orcs
  A ball python (D:2)
  A giant cockroach (D:1)
  4 goblins
  2 hobgoblins
  4 jackals (D:1)
  A quokka (D:2)
  5 bats (D:1)
  2 frilled lizards (D:1)
  A kobold (D:2)
  4 rats
34 creatures vanquished.

Notes
Turn   | Place    | Note
-------+----------+-------------------------------------------
     0 | D:1      | Almogavar the Centaur Hunter began the quest for the Orb.
     0 | D:1      | Reached XP level 1. HP: 17/17 MP: 1/1
   161 | D:1      | Reached XP level 2. HP: 24/24 MP: 2/2
   236 | D:1      | Reached skill level 6 in Bows
   888 | D:2      | Reached XP level 3. HP: 28/29 MP: 3/3
   967 | D:2      | Found a shimmering altar of Xom.
  1525 | D:2      | Reached XP level 4. HP: 16/37 MP: 4/4
  1800 | D:2      | HP: 1/37 [orc/+2 hand axe of flaming (5)]
  1800 | D:2      | Slain by an orc

Illustrated notes

Levels and vault maps discovered:
D:1:      dpeg_arrival_arbitrary_c, layout_loops_cross, hangedman_decor_points,
          minmay_misc_feat_chi
D:2:      layout_basic, overflow_temple_1_default, first_ration
D:3:      layout_basic

Skill      XL: |  1  2 |
---------------+-------+-----
Bows           | 6 |  6.8
Fighting       | |  2.3
Short Blades   | |  0.7
Armour         | |  0.6
Dodging        | |  1.5
Stealth        | |  0.6

Action                   |  1- 3 |  4- 6 || total
-------------------------+-------+-------++-------
Melee: Short sword       |    57 |    10 ||    67
       Kick              |    12 |     1 ||    13
 Fire: Shortbow          |    57 |       ||    57
  Use: Scroll            |     3 |       ||     3
  Eat: Chunk             |     1 |     1 ||     2
Armor: Leather armour    |    37 |       ||    37
Dodge: Dodged            |    36 |     5 ||    41
